 Dungeon Crawl Stone Soup version 0.16.1-51-g6203257 (webtiles) character file.

1630 hannobal the Basher (level 9, -7/60 HPs)
             Began as a Human Wanderer on July 21, 2015.
             Was a Follower of Ru.
             Mangled by an orc warrior
             ... wielding a +0 hand axe of chopping
              (23 damage)
             ... on level 6 of the Dungeon on July 22, 2015.
             The game lasted 00:37:59 (9942 turns).

hannobal the Basher (Human Wanderer)                Turns: 9942, Time: 00:38:00

Health: -7/60      AC:  4    Str: 23    XL:     9   Next: 18%
Magic:  14/14      EV: 16    Int: 12    God:    Ru [*.....]
Gold:   304        SH:  0    Dex: 13    Spells: 0 memorised, 12 levels left

rFire  + . .     SeeInvis +     w - +1 flail (crush)
rCold  . . .     Clarity  .     j - +0 robe {MR+}
rNeg   . . .     SustAb   .     (no shield)
rPois  +         Gourm    .     (no helmet)
rElec  .         Spirit   .     (no cloak)
rCorr  .         Warding  .     (no gloves)
rMut   .         Stasis   .     n - +2 pair of boots
MR     +....                    (no amulet)
Stlth  ++........               l - ring of poison resistance
                                G - ring of Uvuichi {EV+3 SInv}

@: mighty, somewhat resistant to hostile enchantments, unstealthy
A: talons 1, agile 1, deformed body, fire resistance 1, no fire magic, no hexes
magic, no summoning magic
a: Renounce Religion


You were on level 6 of the Dungeon.
You worshipped Ru.
Ru was aware of your devotion.
You were hungry.

You visited 2 branches of the dungeon, and saw 8 of its levels.

You collected 392 gold pieces.
You spent 88 gold pieces at shops.

Inventory:

Hand weapons
 a - a +2 whip of venom
 b - a +0 hunting sling
 g - a +1 mace of protection
 i - a +0 morningstar
 w - a +1 flail of crushing (weapon)
 D - a +0 shortbow
 H - a +0 trident
Missiles
 e - 113 arrows
 h - a tomahawk (quivered)
 k - 251 stones
 q - 4 poisoned needles
 t - 15 exploding sling bullets
 y - 2 arrows of frost
 K - 49 sling bullets
 O - 6 javelins
Armour
 j - a +0 robe of magic resistance (worn)
 n - a +2 pair of boots (worn)
 s - a +1 shield
 P - a +0 pair of boots
Jewellery
 c - an uncursed ring of teleport control
 l - a ring of poison resistance (right hand)
 m - a +3 ring of strength
 G - the ring of Uvuichi (left hand) {EV+3 SInv}
   (You found it on level 5 of the Dungeon)

   [ring of evasion]

   It affects your evasion (+3).
   It enhances your eyesight.
Magical devices
 o - a wand of lightning (0)
 p - a wand of lightning (5)
 u - a wand of polymorph (20)
Scrolls
 r - 3 scrolls of remove curse
 B - 2 scrolls of identify
 M - a scroll of enchant armour
Potions
 d - a potion of might
 v - a potion of magic
 C - a potion of agility
Comestibles
 f - 4 bread rations
 A - a meat ration


   Skills:
 - Level 1.6 Fighting
 - Level 10.1(10.3) Maces & Flails
   Level 3.0(7.1) Staves
 + Level 3.3 Dodging
 - Level 1.0 Stealth
 - Level 2.0 Spellcasting
   Level 3.0 Charms
 - Level 1.0 Evocations


You had 12 spell levels left.
You didn't know any spells.

Dungeon Overview and Level Annotations

Branches:
Dungeon (7/15)             Temple (1/1) D:7

Altars:
Ashenzari
Cheibriados
Dithmenos
Elyvilon
Fedhas
Gozag
Kikubaaqudgha
Makhleb
Nemelex Xobeh
Okawaru
Qazlal
Ru
Sif Muna
Trog
Vehumet
Xom
Yredelemnul
Zin
The Shining One

Shops:
D:6 :*[%

Annotations:
D:4 EmilioHeskey's ghost, experienced OgBe


Innate Abilities, Weirdness & Mutations

You cannot study or cast Fire magic.
You cannot study or cast Hexes magic.
You cannot study or cast Summoning magic.
You have sharp toenails.
You are agile. (Dex +2)
Armour fits poorly on your strangely shaped body.
Your flesh is heat resistant.


Message History

You throw a tomahawk. The tomahawk barely misses the orc.
An orc comes into view. It is wielding a flail.
The orc shouts!
The orc warrior hits you with a hand axe of chopping!
An orc priest comes into view. It is wielding a mace.
As you open the door, it creaks loudly!
The orc warrior hits you with a hand axe of chopping!
There is an open door here.
You see here a sky beast corpse.
There is a stone staircase leading up here.
The orc warrior hits you with a hand axe of chopping!
* * * LOW HITPOINT WARNING * * *
You climb upwards.
There is a stone staircase leading down here.
Read which item? (? for menu, Esc to quit)
Okay, then.
Drink which item? (? for menu, Esc to quit)
You feel very mighty all of a sudden.
The orc warrior hits you with a hand axe of chopping!!
You die...

##..#..###....## #.....### #
#....## ##...# #.......# #
###..## ##.## #.....∩.#
#####....# ##.# #..##...####
.........## #..# ##.####......
..........## #..# #..# ##.....
.......)...####..# ##..# #..####
............##.o.###...# ##..####
.........##.....@......###.......
.........#...##............##....
........##.∩####...##....######..
........#...# ##..#.....# ##.
............### #........# ##
..............###..##....# ##
.........###......####...# #.
.......### ###....## ##..### ##.
......## ##....#####...####..


You could see an orc warrior.

Vanquished Creatures
  A phantom (D:4)
  2 sky beasts
  An ogre (D:5)
  2 orc warriors
  2 centaurs
  2 giant frogs
  2 scorpions
  2 crimson imps
  A goliath beetle (D:2)
  3 hounds
  A centaur skeleton (D:7)
  An orc priest (D:6)
  4 worker ants
  4 orc wizards
  3 gnolls (D:6)
  3 shadow imps
  4 adders
  A giant mite (D:4)
  6 worms
  2 adder skeletons
  4 giant geckos
  17 orcs
  7 giant cockroaches
  12 hobgoblins
  18 jackals
  18 kobolds
  4 quokkas
  17 bats
  5 giant newts
  A giant spore (D:7)
  11 goblins
  A hobgoblin zombie (D:7)
  A quokka zombie (D:7)
  14 rats
  3 ballistomycetes (D:7)
180 creatures vanquished.

Notes
Turn   | Place    | Note
--------------------------------------------------------------
     0 | D:1      | hannobal, the Human Wanderer, began the quest for the Orb.
     0 | D:1      | hannobal set off with: a +2 quarterstaff, Lehudib's Collected Works on Blows and Bruises, a wand of random effects (15), a +0 robe, a bread ration
     0 | D:1      | Reached XP level 1. HP: 13/13 MP: 3/3
     0 | D:1      | Identified Lehudib's Collected Works on Blows and Bruises
   315 | D:1      | Reached skill level 1 in Fighting
   429 | D:1      | Reached XP level 2. HP: 15/21 MP: 4/4
   432 | D:1      | Reached skill level 1 in Dodging
  1459 | D:1      | Reached XP level 3. HP: 24/26 MP: 6/6
  1464 | D:1      | Reached skill level 1 in Maces & Flails
  1959 | D:2      | Reached XP level 4. HP: 27/32 MP: 7/7
  2733 | D:2      | Reached XP level 5. HP: 37/37 MP: 9/9
  3122 | D:3      | Reached skill level 4 in Maces & Flails
  3923 | D:4      | Noticed a centaur
  3932 | D:4      | Killed a centaur
  3932 | D:4      | Reached skill level 5 in Maces & Flails
  3932 | D:4      | Reached XP level 6. HP: 32/43 MP: 10/10
  4043 | D:4      | Found a sacrificial altar of Ru.
  4051 | D:4      | Became a worshipper of Ru the Awakened
  4113 | D:4      | Noticed a phantom
  4156 | D:4      | Killed a phantom
  4416 | D:4      | Reached skill level 6 in Maces & Flails
  4416 | D:4      | Reached XP level 7. HP: 41/48 MP: 12/12
  4552 | D:4      | Noticed EmilioHeskey's ghost (experienced OgBe)
  5065 | D:5      | Entered Level 5 of the Dungeon
  5107 | D:5      | Reached skill level 7 in Maces & Flails
  5126 | D:5      | Found a white marble altar of Elyvilon.
  5601 | D:5      | Found a glowing golden altar of the Shining One.
  5810 | D:5      | Reached XP level 8. HP: 50/54 MP: 13/13
  5816 | D:5      | Got a vibrating bronze ring
  5818 | D:5      | Identified the ring of Uvuichi {EV+3 SInv} (You found it on level 5 of the Dungeon)
  5921 | D:5      | Reached skill level 8 in Maces & Flails
  6177 | D:5      | Gained mutation: You cannot study or cast Fire magic. [Ru sacrifice]
  6177 | D:5      | Gained mutation: You cannot study or cast Hexes magic. [Ru sacrifice]
  6177 | D:5      | Gained mutation: You cannot study or cast Summoning magic. [Ru sacrifice]
  6177 | D:5      | Acquired Ru's first power
  7001 | D:6      | Found Sahibien's General Store.
  7018 | D:6      | Bought a scroll of identify for 26 gold pieces
  7018 | D:6      | Bought 6 javelins for 62 gold pieces
  7034 | D:6      | Found Caedghish's Food Shop.
  7116 | D:6      | Reached skill level 9 in Maces & Flails
  7953 | D:6      | Gained mutation: Your muscles are strong. (Str +2) [potion of mutation]
  7953 | D:6      | Gained mutation: Your flesh is heat resistant. [potion of mutation]
  7953 | D:6      | Gained mutation: Armour fits poorly on your strangely shaped body. [potion of mutation]
  7954 | D:6      | Lost mutation: Your muscles are strong. (Str +2) [potion of mutation]
  7954 | D:6      | Gained mutation: You have sharp toenails. [potion of mutation]
  7954 | D:6      | Gained mutation: You are agile. (Dex +2) [potion of mutation]
  8020 | D:6      | Found Thraig's Armour Boutique.
  8758 | D:6      | Found Sasm's Book Shoppe.
  8888 | D:6      | Reached skill level 10 in Maces & Flails
  8888 | D:6      | Reached XP level 9. HP: 55/60 MP: 14/14
  9152 | D:7      | Found a blossoming altar of Fedhas.
  9153 | D:7      | Found a burning altar of Makhleb.
  9197 | D:7      | Found a staircase to the Ecumenical Temple.
  9203 | Temple   | Entered the Ecumenical Temple
  9765 | D:7      | Found an iron altar of Okawaru.
  9766 | D:7      | Found a shadowy altar of Dithmenos.
  9942 | D:6      | Mangled by an orc warrior

Action                   |  1- 3 |  4- 6 |  7- 9 || total
-------------------------+-------+-------+-------++-------
Melee: Quarterstaff      |    38 |       |       ||    38
       Whip              |    60 |   176 |   380 ||   616
       Spear             |       |    75 |       ||    75
       Flail             |       |    17 |    48 ||    65
 Fire: Hunting sling     |       |     7 |     1 ||     8
Throw: Stone             |     6 |    17 |    10 ||    33
       Tomahawk          |       |       |    14 ||    14
Invok: Sacrifice Arcana  |       |       |     1 ||     1
       Reject Sacrifices |       |       |     1 ||     1
Evoke: Wand              |       |       |     3 ||     3
  Use: Scroll            |     3 |     4 |     6 ||    13
       Potion            |     2 |       |     4 ||     6
 Stab: Sleeping          |     1 |       |       ||     1
  Eat: Chunk             |     3 |     8 |    14 ||    25
       Beef jerky        |       |       |     2 ||     2
